Cogmind - Beta 13 @@@ ROGUE MODE // 2024.06.23 @ 17:10:16 Player: Quiggsy Result: Destroyed by Y-45 Defender with Beam Rifle Performance ------------- Evolutions (2) 1000 Regions Visited (4) 800 Robots Destroyed (40) 200 Value Destroyed (1338) 1338 Prototype IDs (0) 0 Alien Tech Used (0) 0 Bonus (25) 25 TOTAL SCORE: 3363 Bonus ------- Follower Combat Kills 25 Cogmind --------- Core Integrity 0/550 Matter 198/300 Energy 100/100 System Corruption 0% Temperature Cool (27) Movement Core (50) Location -8/Materials Parts ------- > --- POWER (2) -------- (None) > --- PROPULSION (4) --- (None) > --- UTILITY (3) ------ Advanced Weight Redist. System Signal Interpreter > --- WEAPON (2) ------- (None) > --- INVENTORY (5) ---- Small Storage Unit Peak State ------------ > --- POWER ------------ (None) > --- PROPULSION ------- Carbon-fiber Leg Carbon-fiber Leg > --- UTILITY ---------- Advanced Weight Redist. System Signal Interpreter Hacking Suite > --- WEAPON ----------- Minigun > --- INVENTORY -------- Small Storage Unit [Rating: 16] Favorites ----------- Power Ion Engine Engine Ion Engine Propulsion Armored Wheel Treads Light Treads Leg Aluminum Leg Wheel Armored Wheel Utility Signal Interpreter Device Cooling System Storage Small Storage Unit Processor Signal Interpreter Hackware Hacking Suite Weapon Medium Laser Energy Gun Medium Laser Ballistic Gun Assault Rifle Launcher Improved Grenade Launcher Special Weapon Mining Laser Build | -11 -10 -9 -9 -8 ------- Run | Yrd Mat Mat Min Mat Slots Evolved 4 | . . 2 . 2 Power 1 | . . 1 . . Propulsion 2 | . . 1 . 1 Utility 1 | . . . . 1 Weapon . | . . . . . Parts Attached 62 | 5 12 13 16 16 Power 11 | 1 2 2 6 . Engine 11 | 1 2 2 6 . Core . | . . . . . Reactor . | . . . . . Propulsion 22 | 1 6 5 3 7 Treads 3 | . . . 3 . Leg 12 | . 5 1 . 6 Wheel 7 | 1 1 4 . 1 Hover . | . . . . . Flight . | . . . . . Utility 8 | 1 2 . 1 4 Device 4 | . 1 . 1 2 Storage 1 | 1 . . . . Processor 2 | . 1 . . 1 Hackware 1 | . . . . 1 Protection . | . . . . . Artifact . | . . . . . Weapon 21 | 2 2 6 6 5 Energy Gun 8 | 2 2 2 . 2 Energy Cannon . | . . . . . Ballistic Gun 8 | . . 3 3 2 Ballistic Cannon . | . . . . . Launcher 4 | . . 1 2 1 Special Weapon 1 | . . . 1 . Impact Weapon . | . . . . . Slashing Weapon . | . . . . . Piercing Weapon . | . . . . . Special Melee Weapon . | . . . . . Unidentified Prototypes . | . . . . . Parts Lost 38 | . 10 3 6 19 Power 7 | . 2 1 2 2 Propulsion 16 | . 4 1 2 9 Utility 4 | . 1 . . 3 Weapon 11 | . 3 1 2 5 Highest Loss Streak 14 | . 4 1 4 14 To Critical Strikes 1 | . . . . 1 Average Slot Usage (%) 87 | . 93 92 94 50 Engine 15 | . 13 17 20 4 Treads 6 | . . . 19 2 Leg 8 | . 20 1 . 11 Wheel 13 | . 6 30 10 1 Device 6 | . 9 . 8 6 Storage 7 | . 14 11 2 . Processor 8 | . 2 11 11 10 Energy Gun 10 | . 26 8 . 1 Ballistic Gun 8 | . . 11 17 5 Launcher 1 | . . 1 2 1 Naked Turns . | . . . . . Heaviest Build 22 | 14 15 21 22 20 Greatest Support 46 | 10 26 40 40 46 Greatest Overweight (x) 5 | 1 1 5 . . Average Overweight (x) . | . . . . . Largest Inventory Capacity 8 | 8 8 8 8 5 Average Capacity 6 | 6 8 8 5 5 Most Carried 8 | 7 8 8 8 4 Average Carried 5 | 3 7 7 5 1 Final Capacity 8 | 8 8 8 5 5 Final Carried 8 | 7 5 8 5 1 Class Distribution -------------------- 79% | Mutant 20% | Scavenger-Mutant Dominant Class ---------------- Mutant | -10/Materials Mutant | -9/Materials Scavenger-Mutant | -9/Mines Mutant | -8/Materials Resources | -11 -10 -9 -9 -8 ----------- Run | Yrd Mat Mat Min Mat Matter Collected 928 | 179 156 313 265 15 Remotely . | . . . . . Salvage Created 1396 | . 402 542 197 255 Parts 66 | . 12 27 10 17 Haulers Intercepted 1 | . . . . 1 Recyclers Shooed 1 | . . 1 . . Parts Field Recycled . | . . . . . Retrieved Matter . | . . . . . Parts Self-Destructed . | . . . . . Prevented . | . . . . . Kills | -11 -10 -9 -9 -8 ------- Run | Yrd Mat Mat Min Mat Combat Hostiles Destroyed 43 | . 11 10 14 8 Guns 26 | . 9 10 4 3 Cannons 3 | . . . 3 . AOE 12 | . . . 7 5 Classes Destroyed 11 | . 2 4 2 3 Builder 1 | . . . . 1 Hauler 1 | . . . . 1 Recycler 1 | . . 1 . . Watcher 3 | . . 1 . 2 Swarmer 4 | . 2 . . 2 Grunt 21 | . 9 5 3 4 Brawler 1 | . . 1 . . Duelist 2 | . . . 2 . Sentry 4 | . . 4 . . Hunter 2 | . . . . 2 Assembled 9 | . . . 9 . Best Kill Streak 8 | . 2 3 7 8 Combat Bots Only 7 | . 2 3 7 4 Max Kills in Single Turn 6 | . 1 2 4 6 Gunslinging 1 | . . . 1 . Exploded 4 | . . . 4 3 Melee . | . . . . . Uniques/NPCs Destroyed . | . . . . . Combat | -11 -10 -9 -9 -8 -------- Run | Yrd Mat Mat Min Mat Hostile Shots Fired 436 | . 122 63 78 173 Missed 125 | . 35 18 21 51 Damage Taken 4233 | . 919 571 1010 1733 Core 1023 | . 169 150 143 561 Absorbed by Shields . | . . . . . Core Remaining (%) 52 | 100 32 . 26 . Volleys Fired 131 | . 51 40 23 17 Largest 2 | . 2 2 2 2 Hottest 120 | . 100 90 120 56 Shots Fired 230 | . 87 80 41 22 Gun 211 | . 87 73 32 19 Cannon . | . . . . . Launcher 13 | . . 7 3 3 Special 6 | . . . 6 . Kinetic 80 | . . 38 32 10 Thermal 100 | . 87 7 6 . Explosive 13 | . . 7 3 3 Electromagnetic 37 | . . 28 . 9 Robot Hit Streak 14 | . 10 14 9 6 Robot Miss Streak 5 | . 5 5 3 2 Penetration Max . | . . . . . Secondary Targets 3 | . 1 1 1 . Max Gunslinging Chain 1 | . 1 1 1 . Shots Hit Robots 151 | . 52 59 25 15 Core Hits 87 | . 18 25 21 23 Critical Kills . | . . . . . Critical Parts Destroyed . | . . . . . Critical Strikes 6 | . 5 1 . . Burn 6 | . 5 1 . . Melee Attacks . | . . . . . Impact . | . . . . . Slashing . | . . . . . Piercing . | . . . . . Sneak Attacks . | . . . . . Combat Hostiles . | . . . . . Follow-up Attacks . | . . . . . Damage Inflicted 4059 | . 655 979 678 1747 Guns 1925 | . 655 839 258 173 Cannons . | . . . . . Explosions 2055 | . . 140 348 1567 Melee . | . . . . . Ramming 7 | . . . . 7 Kinetic 755 | . . 447 258 50 Thermal 853 | . 655 63 72 63 Explosive 1992 | . . 140 348 1504 Electromagnetic 452 | . . 329 . 123 Impact . | . . . . . Slashing . | . . . . . Piercing . | . . . . . Highest Corruption . | . . . . . Average Corruption . | . . . . . Corruption Purged . | . . . . . Corruption Blocked . | . . . . . Overload Shots . | . . . . . Overflow Damage 169 | . . . . 169 Projectiles . | . . . . . Explosions 169 | . . . . 169 Melee . | . . . . . Knockbacks . | . . . . . Impact . | . . . . . Kinetic . | . . . . . Secondary . | . . . . . Self-Inflicted Damage 103 | . . . 14 89 Shots 4 | . . . 1 3 Rammed . | . . . . . Targets Rammed 4 | . . . . 4 Kicked 4 | . . . . 4 Crushed . | . . . . . Highest Temperature 306 | . 273 306 45 58 Average Temperature 103 | . 126 105 19 28 Received Heat Transfer 1518 | . 444 258 186 630 Siege Activations . | . . . . . Robots Corrupted . | . . . . . Combat Hostiles . | . . . . . Parts Fried 4 | . . 4 . . Impact Corruptions . | . . . . . Robots Melted 2 | . 2 . . . Combat Hostiles 2 | . 2 . . . Parts Melted 8 | . 8 . . . Heat Transferred 2790 | . 2331 259 150 50 Parts Sabotaged . | . . . . . Parts Stolen . | . . . . . Parts Stripped . | . . . . . Power Chain Reactions 1 | . . . . 1 Alert | -11 -10 -9 -9 -8 ------- Run | Yrd Mat Mat Min Mat Peak Influence 397 | . 130 307 198 397 Initial 91 | . . 35 91 5 Average 125 | . 50 165 117 250 Maximum Alert Level 1 | . . 1 . 1 Low Security (%) 81 | 100 100 61 100 36 Level 1 18 | . . 38 . 63 Level 2 . | . . . . . Level 3 . | . . . . . Level 4 . | . . . . . Level 5 . | . . . . . High Security . | . . . . . Max Security . | . . . . . Squads Dispatched 8 | . 2 1 . 5 Investigation 2 | . 1 1 . . Extermination . | . . . . . Reinforcement 3 | . 1 . . 2 Assault . | . . . . . Garrison 3 | . . . . 3 Intercept . | . . . . . Searches Triggered . | . . . . . Construction Impeded 1 | . . . . 1 Haulers Reinforced . | . . . . . Active Scanning Responses . | . . . . . Cargo Convoy Interrupts . | . . . . . Stealth | -11 -10 -9 -9 -8 --------- Run | Yrd Mat Mat Min Mat Distress Signals 8 | . 1 2 . 5 Communications Jammed . | . . . . . Distress Signals . | . . . . . Times Spotted 82 | . 16 15 18 33 Peak Tracking Total 12 | . 4 4 12 11 Tactical Retreats 8 | . . 2 1 5 Traps | -11 -10 -9 -9 -8 ------- Run | Yrd Mat Mat Min Mat Traps Triggered 2 | . . 1 . 1 Indirectly . | . . . . . Trap Hack Attempts . | . . . . . Triggered . | . . . . . Disarmed . | . . . . . Reprogrammed . | . . . . . Reused . | . . . . . Traps Extracted . | . . . . . Installed . | . . . . . Triggered . | . . . . . Machines | -11 -10 -9 -9 -8 ---------- Run | Yrd Mat Mat Min Mat Machines Disabled 2 | . . . . 2 Max in Single Turn 2 | . . . . 2 Machines Repaired . | . . . . . Machines Dismantled . | . . . . . Machines Sabotaged . | . . . . . Overloaded Fab Kills . | . . . . . Hacking | -11 -10 -9 -9 -8 --------- Run | Yrd Mat Mat Min Mat Machines Accessed 8 | . 2 5 1 . Terminals 7 | . 2 4 1 . Fabricators . | . . . . . Repair Stations . | . . . . . Recycling Units . | . . . . . Scanalyzers 1 | . . 1 . . Garrison Access . | . . . . . Total Hacks 16 | . 6 9 1 . Successful 6 | . 1 4 1 . Failed 10 | . 5 5 . . Catastrophic . | . . . . . Database Lockouts . | . . . . . Manual . | . . . . . Terminals 14 | . 6 7 1 . Fabricators . | . . . . . Repair Stations . | . . . . . Recycling Units . | . . . . . Scanalyzers 2 | . . 2 . . Garrison Access . | . . . . . Terminal Hacks 4 | . 1 2 1 . Branch Access Points 1 | . . 1 . . Locate Traps 1 | . 1 . . . Zone Layout 2 | . . 1 1 . Fabricator Hacks . | . . . . . Repair Station Hacks . | . . . . . Recycling Unit Hacks . | . . . . . Scanalyzer 2 | . . 2 . . Insert Component 1 | . . 1 . . Analyze 1 | . . 1 . . Garrison Access Hacks . | . . . . . Unauthorized Hacks . | . . . . . Terminals . | . . . . . Fabricators . | . . . . . Repair Stations . | . . . . . Recycling Units . | . . . . . Scanalyzers . | . . . . . Garrison Access . | . . . . . Data Cores Recovered . | . . . . . Used . | . . . . . Hacking Detections 5 | . 2 3 . . Full Trace Events 2 | . 1 1 . . Feedback Events . | . . . . . Feedback Blocked . | . . . . . Robot Schematics Acquired . | . . . . . Robots Built . | . . . . . Authchips . | . . . . . Time . | . . . . . Total Robot Build Rating . | . . . . . Part Schematics Acquired 1 | . . 1 . . Parts Built . | . . . . . Authchips . | . . . . . Time . | . . . . . Total Part Build Rating . | . . . . . Parts Repaired . | . . . . . Time . | . . . . . Parts Recycled . | . . . . . Recycled Matter . | . . . . . Retrieved Matter . | . . . . . Retrieved Components . | . . . . . Parts Scanalyzed 1 | . . 1 . . Part Schematics Acquired 1 | . . 1 . . Parts Damaged 1 | . . 1 . . Bothacking | -11 -10 -9 -9 -8 ------------ Run | Yrd Mat Mat Min Mat Used RIF Installer . | . . . . . Robots Hacked . | . . . . . Non-combat . | . . . . . Combat . | . . . . . Robot Hacks Applied . | . . . . . Relay Couplers Released . | . . . . . Fabnet Peak Effective % . | . . . . . Robots Rewired . | . . . . . Allies Hacked . | . . . . . Hacks Repelled . | . . . . . Allies | -11 -10 -9 -9 -8 -------- Run | Yrd Mat Mat Min Mat Total Allies 1 | . . . 1 . Largest Group 1 | . . . 1 . Highest-Rated Group 31 | . . . 31 . Highest-Rated Ally 31 | . . . 31 . Total Orders . | . . . . . Ally Attacks 4 | . . . 4 . Total Damage 61 | . . . 61 . Kills 1 | . . . 1 . Allies Corrupted . | . . . . . Allies Melted . | . . . . . Intel | -11 -10 -9 -9 -8 ------- Run | Yrd Mat Mat Min Mat Robot Analysis Total . | . . . . . Derelict Logs Recovered . | . . . . . Drone Launches . | . . . . . Drone Recoveries . | . . . . . Exploration | -11 -10 -9 -9 -8 ------------- Run | Yrd Mat Mat Min Mat Turns Passed 2112 | 68 613 530 601 300 Spaces Moved 1371 | 60 396 344 311 260 Core 102 | 1 . 2 . 99 Treads 286 | . . . 286 . Legs 362 | . 244 18 . 100 Wheels 621 | 59 152 324 25 61 Hover . | . . . . . Flight . | . . . . . Fastest Speed 50 | 50 90 90 93 50 Average Speed 110 | 89 109 93 154 88 Slowest Speed 300 | 95 120 300 160 120 Overloaded Moves . | . . . . . Propulsion Burnouts . | . . . . . Robots Hopped . | . . . . . Cave-ins Triggered . | . . . . . Exploration Rate (%) 39 | 4 56 30 75 33 Regions Visited 4 Branch Regions 1 Pre-discovered Areas . | . . . . . Known Exits Taken 3 | . 1 1 1 . Unknown Exits Taken 1 | 1 . . . . Scrap Searched 2 | . . . 2 . Spaces Dug . | . . . . . Terrain Destroyed 132 | . . 51 27 54 Melee . | . . . . . Projectile 2 | . . . 2 . AOE 130 | . . 51 25 54 Terrain Rammed . | . . . . . Walls Destroyed . | . . . . . Machines Disabled . | . . . . . Actions | -11 -10 -9 -9 -8 --------- Run | Yrd Mat Mat Min Mat Total 1714 | 71 489 476 377 301 Wait 95 | . 22 52 19 2 Move 1367 | 59 395 343 310 260 Hop . | . . . . . Pick Up 32 | 7 8 12 4 1 Fast Attach 27 | 5 1 8 3 10 Attach 25 | . 10 3 7 5 Detach 5 | . . 4 . 1 Swap 10 | . 1 2 6 1 Drop 18 | . 1 12 5 . Fire 131 | . 51 40 23 17 Melee . | . . . . . Ram . | . . . . . Kick 4 | . . . . 4 Crush . | . . . . . Escape Stasis . | . . . . . Rewire . | . . . . . Trap . | . . . . . Miscellaneous . | . . . . . Route ------- -11/Scrapyard -10/Materials (discovered 2 exits: *Mat / [*Min]) -9/Materials (discovered 2 exits: *Min x2) -9/Mines -8/Materials (discovered 1 exit: [*Fac]) History --------- Turn | Location | Event 36 | -11/Scrapyard | Discovered new exit (range 14) 69 | -11/Scrapyard | Entered Materials 309 | -10/Materials | Build established: Mutant 323 | -10/Materials | Discovered new exit (range 12) 464 | -10/Materials | Core integrity fell below 50% 520 | -10/Materials | Discovered new exit (range 16) 643 | -10/Materials | Lost 4 parts (1p1n2w) 680 | -10/Materials | Identified exit to Materials 682 | -10/Materials | Entered another Materials area 682 | -9/Materials | Evolved 2 slots: Power x1, Propulsion x1 1056 | -9/Materials | Discovered new exit (range 12) 1074 | -9/Materials | Identified exit to Mines 1212 | -9/Materials | Entered Mines 1215 | -9/Mines | Received a Mining Laser from a helpful Derelict 1365 | -9/Mines | Core integrity fell below 50% 1608 | -9/Mines | Found a hidden stash of uninstalled traps 1625 | -9/Mines | Assembled infested the area 1645 | -9/Mines | Build established: Scavenger-Mutant 1720 | -9/Mines | Destroyed 7 combat bots 1727 | -9/Mines | Lost 4 parts (2p1n1w) 1791 | -9/Mines | Discovered new exit (range 9) 1802 | -9/Mines | Identified exit to Materials 1813 | -9/Mines | Entered Materials 1813 | -8/Materials | Evolved 2 slots: Propulsion x1, Utility x1 1853 | -8/Materials | Garrison activated, responded to threat 1937 | -8/Materials | Lost 14 parts (2p6n2u4w) 1995 | -8/Materials | Core integrity fell below 50% 2041 | -8/Materials | Discovered new exit (range 16) 2083 | -8/Materials | Core integrity fell below 20% 2113 | -8/Materials | Destroyed by Y-45 Defender with Beam Rifle Last Messages --------------- within the floor. 02041_ Minigun severed. 02045_ Penetrated by Slug. 02066_ Acquired Shock Rifle. 02072_ Door malfunctions. 02073_ Slug penetrates Wall. 02085_ Slug penetrates Y-45 Defender. 02088_ Slug penetrates Wall. 02088_ Hacking Suite destroyed. 02090_ Carbon-fiber Leg destroyed. 02091_ Electrolysis Chamber disabled. 02101_ Shock Rifle destroyed. 02106_ Penetrated by Slug. 02108_ Kicked H-55 Commando out of the way. 02110_ Kicked H-55 Commando. 02110_ Electrolysis Chamber disabled. 02112_ Kicked H-55 Commando. 02112_ Carbon-fiber Leg destroyed. 02112_ Penetrated by Slug. 02113_ Critical hit (Burn: +37). Map ----- +----------------------------------------------------+ | # ## """ """ #????????????????? | | # % ## """ """ #????????????????? | | ####/###### """ """ #????????????????? | | #?#!=%##### """ """ #????????????????? | | #?# =%! + #????????????????? | | ?# *!##### ! [ [ #????????????????? | | [?# #???###########????????????????? | | T ?# ###########??########??????????? | | ## # ! # ] #??????????? | | ## # # T #??????????? | | ### # """ # """ #??????????? | | ? #?# # """ !! # """ #??????????? | | ? ??# # """ ! # """ #??????????? | | ?????# # !! # #??????????? | | ?????# # # ????????????? | | ?????# # #? ??????????????? | | ?????# #####/########+###########?????? | | ?????# #?????? | | ?????# < #?????? | | ?????# [ #?????? | | ?????####+######+########## ########### | | ??????? ?? ?# # # # | | ?????# ] # """ # """ # # # | | ?????# # """ # "" ; # # | | ?????#""" # """ # """h# # """ # | | ?????#""" # # Y@# / """ # | | ?????#""" # # ""g # # """ # | | ?????# ######## """ ### # % # | | ??????""" #??????# """g#?# # # | | ????????" #??????# #?# ########### | | ????????" #??????# #?# #?????????? | | ????????? ! #??????# #?# #?????????? | | ?????????#####??????# #?# #?????????? | | ????????????????????#######?# #?????????? | | ????????????????????????????# #?????????? | | ????????????????????????????? ??????????? | | ????????????????????????????? ??????????? | | ????????????????????????????? ??????????? | | ????????????????????????????? ??????????? | | ????????????????????????????? ??????????? | | ????????????????????????????? ??????????? | | ????????????????????????????? ??????????? | | ????????????????????????????????????????? | | ????????????????????????????????????????? | | ????????????????????????????????????????? | | ????????????????????????????????????????? | | ????????????????????????????????????????? | | ????????????????????????????????????????? | | ????????????????????????????????????????? | | ????????????????????????????????????????? | +----------------------------------------------------+ Best States ------------- Heat Dissipation 53 Energy Generation 19 Energy Capacity 415 Matter Stores 300 Matter Capacity 300 Sight Range 16 Terrain Scan Range 14 Terrain Scan Density 10 Additional Mass Support 9 Evasion (%) 55 Targeting Accuracy 6 Recoil Reduction 4 Offensive Hacking 10 Item Schematics ----------------- Lgt. Treads | -9/Materials | Scanalyzed Robot Schematics ------------------ None Fabricated ------------ Nothing Alien Tech Used ----------------- None Achievements -------------- None Challenges ------------ None Game ------ Seed TargetingShadingCapacitor Manual? 0 Play Time 00:31:07 Cumulative 11.6 hours Start 2024.06.23 @ 16:40:38 End 2024.06.23 @ 17:10:16 Sessions 1 Manual Loads 0 Difficulty Rogue Special Mode None Game No. 14 Rogue 14 Adventurer 0 Explorer 0 Win Type - Total 0 Types 0/0/0/0/0/0/0/0/0 Lore% 5 Gallery% 16 Achievement% 14 Wizard Run 0 Options --------- Layout 1 ASCII 0 Keyboard 0 Movement Numpad Keybinds 0 Fullscreen 2 Font 24/Cog Map View 50x35 Zoom Use 0% Tactical HUD 1 Map Filters NONE Filters NONE Steam 1 RUN: 80f8cbca-c736-4447-b289-103936ee89e7